 Dungeon Crawl Stone Soup version 0.21.1-1-g345015f (webtiles) character file.

75 xccam the Cudgeler (level 4, -4/26 HPs)
             Began as a Gargoyle Gladiator on Feb 15, 2018.
             Slain by Sigmund
             ... wielding a +0 scythe
              (11 damage)
             ... on level 2 of the Dungeon.
             The game lasted 00:05:08 (1546 turns).

xccam the Cudgeler (Gargoyle Gladiator)             Turns: 1546, Time: 00:05:08

Health: -4/26      AC: 10    Str: 18    XL:     4   Next: 31%
Magic:  4/4        EV: 10    Int:  9    God:
Gold:   115        SH:  0    Dex: 11    Spells: 3/3 levels left

rFire    . . .     SeeInvis .   a - +0 flail
rCold    . . .     Gourm    .   (no shield)
rNeg     + . .     Faith    .   h - +0 scale mail
rPois    ∞         Spirit   .   c - +0 helmet
rElec    +         Reflect  .   (no cloak)
rCorr    .         Harm     .   (no gloves)
MR       .....                  (no boots)
Stlth    ..........             (no amulet)
HPRegen  0.08/turn              (no ring)
MPRegen  0.09/turn              (no ring)

@: no status effects
A: negative energy resistance 1, electricity resistance, unbreathing,
petrification resistance, rot immunity, AC +3
a: no special abilities


You were on level 2 of the Dungeon.
You were not hungry.

You visited 1 branch of the dungeon, and saw 2 of its levels.

You collected 115 gold pieces.

Inventory:

Hand Weapons
 a - a +0 flail (weapon)
Missiles
 d - 3 throwing nets (quivered)
Armour
 c - a +0 helmet (worn)
 h - a +0 scale mail (worn)
Jewellery
 g - an uncursed ring of resist corrosion {unknown}
Scrolls
 b - 4 scrolls of identify {unknown}
 e - 2 scrolls of remove curse {unknown}
 l - 2 scrolls of random uselessness {unknown}
 m - a scroll of enchant armour {unknown}
Comestibles
 f - 6 rations
 i - 3 chunks of flesh


   Skills:
 - Level 2.1 Fighting
 + Level 5.0 Maces & Flails
 - Level 1.7 Throwing
 - Level 2.4 Dodging


You had 3 spell levels left.
You didn't know any spells.

Dungeon Overview and Level Annotations

Branches:
Dungeon (2/15)

Altars:

Annotations:
D:2 Sigmund


Innate Abilities, Weirdness & Mutations

You are resistant to torment.
Your stone body is resilient. (AC +3)
You are immune to poison.
You resist negative energy. (rN+)
You are resistant to electric shocks. (rElec)
You can survive without breathing.
You are immune to petrification.
You are immune to rotting.


Message History

The puff of flame hits you!
You hit Sigmund.
Sigmund is heavily wounded.
Sigmund hits you with a scythe.
* * * LOW HITPOINT WARNING * * *
You barely miss Sigmund.
Sigmund is heavily wounded.
You hit Sigmund.
Sigmund is heavily wounded.
Sigmund barely misses you.
You closely miss Sigmund.
Sigmund is heavily wounded.
Sigmund closely misses you.
You barely miss Sigmund.
Sigmund is heavily wounded.
Sigmund hits you but does no damage.
Your scale mail prevents you from hitting Sigmund.
Sigmund is heavily wounded.
Sigmund hits you with a scythe!
You die...

#.# #####.##.......#
#.# #.....##.......#
#.#####.######.#####.#
#.....>......)<..###.##
######...............[.
#.....######........#
#.....# #.#..)####
#.....######.#.#.## #
#...@........#.#..# #
#...@#########.##.# #
#...†...######.##.###
#...††.........##.(..
#.......##########.(#
#.......# #...
#......## ##.# #......#
#.# ####...# #.#


You could see Sigmund.

Vanquished Creatures
  2 adders (D:2)
  A worm (D:2)
  2 dart slugs (D:2)
  A leopard gecko (D:2)
  A ball python (D:2)
  6 bats
  4 giant cockroaches
  3 goblins
  7 hobgoblins
  A quokka (D:2)
  9 frilled lizards
  6 kobolds
  8 rats
51 creatures vanquished.

Notes
Turn   | Place    | Note
-------+----------+-------------------------------------------
     0 | D:1      | xccam the Gargoyle Gladiator began the quest for the Orb.
     0 | D:1      | Reached XP level 1. HP: 12/12 MP: 1/1
   113 | D:1      | Reached XP level 2. HP: 14/17 MP: 2/2
   644 | D:2      | Reached skill level 4 in Maces & Flails
   680 | D:2      | Reached XP level 3. HP: 21/21 MP: 3/3
   840 | D:2      | Noticed Sigmund
  1123 | D:2      | Reached XP level 4. HP: 7/26 MP: 4/4
  1463 | D:2      | Reached skill level 5 in Maces & Flails
  1546 | D:2      | Slain by Sigmund

Skill      XL: |  1  2  3  4 |
---------------+-------------+-----
Maces & Flails | 4 5 |  5.0
Fighting       | |  2.1
Throwing       | |  1.7
Dodging        | |  2.4

Action                   |  1- 3 |  4- 6 || total
-------------------------+-------+-------++-------
Melee: Flail             |   183 |    43 ||   226
  Use: Scroll            |     2 |       ||     2
       Potion            |     1 |       ||     1
  Eat: Chunk             |     1 |     2 ||     3
Armor: Leather armour    |    10 |       ||    10
       Scale mail        |   107 |    41 ||   148
Dodge: Dodged            |   118 |    28 ||   146
